 Dungeon Crawl Stone Soup version 0.29-a0-338-g1ff7896281 (webtiles) character file.

Game seed: 16050602484905242814

35 bande the Covered (level 3, -3/23 HPs)
             Began as a Gargoyle Fighter on Apr 18, 2022.
             Slain by Sigmund
             ... wielding a +0 scythe
              (9 damage)
             ... on level 2 of the Dungeon.
             The game lasted 00:01:56 (977 turns).

bande the Covered (Gargoyle Fighter)                 Turns: 977, Time: 00:01:57

Health: -3/23      AC: 12    Str: 19    XL:     3   Next: 35%
Magic:  3/3        EV:  7    Int:  8    God:
Gold:   52         SH:  4    Dex: 11    Spells: 2/2 levels left

rFire   + . .      SeeInvis .   a - +1 war axe
rCold   . . .      Faith    .   c - +0 buckler
rNeg    + . .      Spirit   .   g - +0 chain mail
rPois   ∞          Reflect  .   (no helmet)
rElec   +          Harm     .   i - scarf {+Inv}
rCorr   .          Rampage  .   (no gloves)
Will    .....                   (no boots)
Stlth   ..........              (no amulet)
HPRegen 0.07/turn               e - ring of protection from fire
MPRegen 0.08/turn               (no ring)

@: mighty
A: sickness immunity, AC +3, negative energy resistance 1, electricity
resistance, torment resistance 1, petrification resistance
a: Evoke Invisibility


You were on level 2 of the Dungeon.
You visited 1 branch of the dungeon, and saw 2 of its levels.

You collected 52 gold pieces.

Inventory:

Hand Weapons
 a - a +1 war axe (weapon)
Armour
 c - a +0 buckler (worn)
 g - a +0 chain mail (worn)
 i - a scarf of invisibility (worn)
Jewellery
 e - a ring of protection from fire (left hand)
 k - a ring of ice
Scrolls
 b - a scroll of immolation {unknown}
 h - a scroll of identify {unknown}
Potions
 f - 2 potions of brilliance {unknown}


   Skills:
 + Level 3.5 Fighting
 + Level 2.1 Axes
 + Level 4.0 Armour
 + Level 3.6 Shields
 * Level 0.1 Evocations


You had 2 spell levels left.
You didn't know any spells.
Your spell library was empty.

Dungeon Overview and Level Annotations

Branches:
Dungeon (2/15)

Altars:

Annotations:
D:2 Sigmund


Innate Abilities, Weirdness & Mutations

You are immune to sickness and miasma.
Your stone body is resilient. (AC +3)
You are immune to poison.
You resist negative energy. (rN+)
You are resistant to electric shocks. (rElec)
You are resistant to unholy torment.
You are immune to petrification.


Message History

The hobgoblin completely misses you.
You barely miss the hobgoblin.
The hobgoblin hits you but does no damage.
A hobgoblin comes into view.
The hobgoblin hits you but does no damage.
The hobgoblin shouts!
You slash the hobgoblin!
You kill the hobgoblin!
You slash the hobgoblin!
You kill the hobgoblin!
No target in view!
No target in view!
No target in view!
You see here a hobgoblin corpse.
Done exploring.
Done exploring.
There is an open door here.
There is a stone staircase leading down here.
You climb downwards.
Sigmund shouts!
Found 29 stones.
There is a stone staircase leading up here.
You feel very mighty all of a sudden.
Sigmund mumbles some strange words.
Sigmund flickers and vanishes!
Deactivating autopickup; reactivate with Ctrl-A.
You see here 29 stones.
There is a stone staircase leading up here.
You hear some strange, mumbled words.
You are confused.
Something hits you!
There is a stone staircase leading up here.
You bump into the rock wall.
Something hits you.
You bump into the rock wall.
Something hits you!
* * * LOW HITPOINT WARNING * * *
You bump into the rock wall.
You bump into the rock wall.
You feel less confused. Something hits you!
You die...

### ..#
#.# #.#
#.# #.#
#.# #<#
#@# #{#
#...#
.......
####.##.#
#. .# #.
.# # .#
.#


There were no monsters in sight!

Vanquished Creatures
  4 ball pythons (D:1)
  A bat (D:1)
  2 endoplasms (D:1)
  2 giant cockroaches (D:1)
  3 goblins (D:1)
  4 hobgoblins (D:1)
  6 jackals (D:1)
  4 kobolds (D:1)
  A frilled lizard (D:1)
  2 rats (D:1)
29 creatures vanquished.

Notes
Turn   | Place    | Note
-------+----------+-------------------------------------------
     0 | D:1      | bande the Gargoyle Fighter began the quest for the Orb.
     0 | D:1      | Reached XP level 1. HP: 14/14 MP: 1/1
    10 | D:1      | Found a faded altar of an unknown god.
    29 | D:1      | Reached XP level 2. HP: 15/19 MP: 2/2
   567 | D:1      | Reached XP level 3. HP: 22/23 MP: 3/3
   779 | D:1      | Reached skill level 4 in Armour
   965 | D:2      | Noticed Sigmund
   977 | D:2      | Slain by Sigmund

Illustrated notes

Levels and vault maps discovered:
D:1:      amcnicky_arrival_underground_garden, layout_basic,
          ebering_ecumenical_altar_sacrificial, minmay_indecisive_spiral
D:2:      layout_loops_ring, basic_altar, minivault_4, uniq_jessica,
          uniq_natasha, uniq_sigmund

Skill      XL: |  1  2  3 |
---------------+----------+-----
Axes           | 2 |  2.1
Armour         | 4 |  4.0
Fighting       | |  3.5
Shields        | |  3.6
Evocations     | |  0.1

Action                   || total
-------------------------++-------
Melee: War axe           ||    70
  Use: Scroll            ||     5
       Potion            ||     1
Armor: Scale mail        ||    28
       Chain mail        ||    19
Dodge: Dodged            ||    30
Block: Buckler           ||    12

Table legend: (Time is in decaauts)
 A = Elapsed time spent in this place.
 B = Non-inter-level travel time spent in this place.
 C = Inter-level travel time spent in this place.
 D = Time resting spent in this place.
 E = Time spent auto-exploring this place.
 F = Levels seen in this place.
 G = Mean time per level.
                   A        B        C        D        E       F      G
               +--------+--------+--------+--------+--------+-----+--------+
         Total |   1007 |    989 |     18 |    125 |    587 |   2 |  503.5 |
       Dungeon |   1007 |    989 |     18 |    125 |    587 |   2 |  503.5 |
               +--------+--------+--------+--------+--------+-----+--------+

Top non-repeatable levels by time:
     D:1: 996 daAuts
     D:2: 11 daAuts
